 Dungeon Crawl Stone Soup version 0.29-a0-322-g68df515428 (webtiles) character file.

Game seed: 1918498700754446325

142 zazu2006 the Magician (level 5, -1/37 HPs)
             Began as a Gnoll Hedge Wizard on Apr 7, 2022.
             Succumbed to an orc wizard's poison
             ... on level 3 of the Dungeon.
             The game lasted 00:04:05 (3185 turns).

zazu2006 the Magician (Gnoll Hedge Wizard)          Turns: 3185, Time: 00:04:05

Health: -1/37      AC:  5    Str: 12    XL:     5   Next: 24%
Magic:  23/23      EV: 13    Int: 13    God:
Gold:   168        SH:  5    Dex: 13    Spells: 17/18 levels left

rFire   + . .      SeeInvis .   g - +0 short sword (vamp)
rCold   . . .      Faith    .   (no shield)
rNeg    . . .      Spirit   .   l - +2 robe {rF+}
rPois   .          Reflect  +   c - +0 hat
rElec   +          Harm     .   (no cloak)
rCorr   .          Rampage  .   j - +0 pair of gloves
Will    .....                   (no boots)
Stlth   +++.......              a - amulet of reflection
HPRegen 0.12/turn               b - ring "Riuhieqe" {+Blink rElec MP+9 Dex+2}
MPRegen 0.18/turn               (no ring)

@: lethally poisoned (-1 -> -6), on berserk cooldown, slowed, very slow
A: fangs 1, strong nose, distributed training
a: Evoke Blink


You were on level 3 of the Dungeon.
You visited 1 branch of the dungeon, and saw 3 of its levels.

You collected 168 gold pieces.

Inventory:

Hand Weapons
 g - a +0 vampiric short sword (weapon)
Armour
 c - a +0 hat (worn)
 j - a +0 pair of gloves (worn)
 l - a +2 robe of fire resistance (worn)
Jewellery
 a - an amulet of reflection (around neck)
 b - the ring "Riuhieqe" (left hand) {+Blink rElec MP+9 Dex+2}
   (You found it on level 2 of the Dungeon)

   [ring of magical power]

   Dex:       It affects your dexterity (+2).
   rElec:     It insulates you from electricity.
   MP:        It affects your magic capacity (+9).
   +Blink:    It lets you blink.
 h - an amulet of guardian spirit
Wands
 m - a wand of iceblast (4)
Scrolls
 e - a scroll of amnesia {unknown}
 f - a scroll of fear {unknown}
 i - a scroll of enchant armour {unknown}
 n - a scroll of identify {unknown}
 o - a scroll of holy word {unknown}
Potions
 d - a potion of magic


   Skills:
 + Level 1.4 Fighting
 + Level 1.4 Short Blades
 + Level 1.4 Long Blades
 + Level 1.4 Axes
 + Level 1.4 Maces & Flails
 + Level 1.4 Polearms
 + Level 1.4 Staves
 + Level 1.4 Slings
 + Level 1.4 Bows
 + Level 1.4 Crossbows
 + Level 1.4 Throwing
 + Level 1.4 Armour
 + Level 4.7 Dodging
 + Level 4.4 Stealth
 + Level 1.4 Shields
 + Level 1.4 Unarmed Combat
 + Level 7.3 Spellcasting
 + Level 2.3 Conjurations
 + Level 1.1 Hexes
 + Level 2.3 Summonings
 + Level 1.1 Necromancy
 + Level 2.3 Translocations
 + Level 1.1 Transmutations
 + Level 1.1 Fire Magic
 + Level 1.1 Ice Magic
 + Level 1.1 Air Magic
 + Level 1.1 Earth Magic
 + Level 1.1 Poison Magic
 + Level 1.6 Invocations
 + Level 1.4 Evocations


You had 17 spell levels left.
You knew the following spells:

 Your Spells              Type           Power      Damage    Failure   Level
a - Magic Dart            Conj           40%        1d5       5%          1

Your spell library contained the following spells:

 Spells                   Type           Power      Damage    Failure   Level
 Blink                    Tloc           20%        N/A       9%          2
 Call Imp                 Summ           10%        N/A       9%          2
 Animate Skeleton         Necr           14%        N/A       10%         1
 Pain                     Necr           28%        1d5       10%         1
 Slow                     Hex            28%        N/A       10%         1
 Conjure Flame            Conj/Fire      9%         6-21      22%         3
 Mephitic Cloud           Conj/Pois/Air  8%         N/A       24%         3
 Vampiric Draining        Necr           7%         2d6       28%         3
 Manifold Assault         Tloc           10%        N/A       83%         5
 Storm Form               Tmut/Air       3%         N/A       100%        7


Dungeon Overview and Level Annotations

Branches:
Dungeon (3/15)

Altars:


Innate Abilities, Weirdness & Mutations

You have very sharp teeth.
Your uncanny sense of smell can sniff out nearby items.
Your experience applies equally to all skills.


Message History

You're too confused to cast spells.
Okay, then.
You're too confused to cast spells.
Unknown command.
It was a potion of berserk rage.
A red film seems to cover your vision as you go berserk!
You feel yourself moving faster!
You feel mighty!
You feel very sick. Something hits you.
You are lethally poisoned!
You puncture something!
Reactivating autopickup.
You feel a bit more experienced.
You feel very sick.
You're too confused to move!
You feel very sick.
You bump into the rock wall.
You feel a strong urge to attack something.
* * * LOW HITPOINT WARNING * * *
You feel very sick.
* * * LOW HITPOINT WARNING * * *
You feel sick.
Items here: ))) [[ †††.
You feel your anger nearly subside.
You are no longer berserk.
You are exhausted.
You feel yourself slow down.
* * * LOW HITPOINT WARNING * * *
You feel sick.
Unknown command.
Okay, then.
Keep disrobing?
* * * LOW HITPOINT WARNING * * *
You feel very sick.
You start removing your amulet.
You continue taking off your amulet of reflection.
You feel less confused.
* * * LOW HITPOINT WARNING * * *
You feel sick.
You continue taking off your amulet of reflection.
You die...

#######.#.#
#.......#.#
#.#######.#
#.# #.# #.#
#.# #.# #.#
#.# #.#
##.#######.#
#..)@......#
#..#########
#..# #..#
#....oo...
##........
######.#$ #


There were no monsters in sight!

Vanquished Creatures
  Jessica (D:2)
  An orc wizard (D:3)
  2 adders (D:2)
  A gnoll (D:2)
  2 worms (D:2)
  2 dart slugs
  2 orcs (D:3)
  4 endoplasms
  2 giant cockroaches
  4 goblins
  4 hobgoblins
  5 kobolds
  3 quokkas (D:2)
  6 ball pythons
  3 bats
  2 frilled lizards (D:2)
  8 rats
  A spectral goblin (D:2)
53 creatures vanquished.

Notes
Turn   | Place    | Note
-------+----------+-------------------------------------------
     0 | D:1      | zazu2006 the Gnoll Hedge Wizard began the quest for the
                  | Orb.
     0 | D:1      | Reached XP level 1. HP: 13/13 MP: 8/8
   346 | D:1      | Reached XP level 2. HP: 19/19 MP: 3/10
  1379 | D:2      | Reached XP level 3. HP: 25/25 MP: 4/11
  1537 | D:2      | Found a faded altar of an unknown god.
  1566 | D:2      | Reached skill level 1 in Invocations
  1674 | D:2      | Noticed Jessica
  1680 | D:2      | Killed Jessica
  1681 | D:2      | Reached skill level 1 in Fighting
  1681 | D:2      | Reached skill level 1 in Short Blades
  1681 | D:2      | Reached skill level 1 in Long Blades
  1681 | D:2      | Reached skill level 1 in Axes
  1681 | D:2      | Reached skill level 1 in Maces & Flails
  1681 | D:2      | Reached skill level 1 in Polearms
  1681 | D:2      | Reached skill level 1 in Staves
  1681 | D:2      | Reached skill level 1 in Slings
  1681 | D:2      | Reached skill level 1 in Bows
  1681 | D:2      | Reached skill level 1 in Crossbows
  1681 | D:2      | Reached skill level 1 in Throwing
  1681 | D:2      | Reached skill level 1 in Armour
  1681 | D:2      | Reached skill level 1 in Shields
  1681 | D:2      | Reached skill level 1 in Unarmed Combat
  1681 | D:2      | Reached skill level 1 in Evocations
  1681 | D:2      | Reached XP level 4. HP: 32/32 MP: 7/13
  1967 | D:2      | Reached skill level 1 in Hexes
  1967 | D:2      | Reached skill level 1 in Necromancy
  1967 | D:2      | Reached skill level 1 in Transmutations
  1967 | D:2      | Reached skill level 1 in Fire Magic
  1967 | D:2      | Reached skill level 1 in Ice Magic
  1967 | D:2      | Reached skill level 1 in Air Magic
  1967 | D:2      | Reached skill level 1 in Earth Magic
  1967 | D:2      | Reached skill level 1 in Poison Magic
  2204 | D:2      | Identified the ring "Riuhieqe" {+Blink rElec MP+9 Dex+2}
  3172 | D:3      | Reached XP level 5. HP: 29/37 MP: 14/14
  3184 | D:3      | HP: 1/37 [poisoned by an orc wizard]
  3185 | D:3      | Succumbed to an orc wizard's poison

Illustrated notes

Levels and vault maps discovered:
D:1:      lightli_arrival_statue_moat, layout_loops_corners
D:2:      minmay_chambers_of_twos, layout_loops_ring,
          dreamdust_ecumenical_altar_drowned_temple, minivault_5,
          grunt_ministairs_1, hangedman_decor_slide_cut, st_stairs_2,
          uniq_jessica
D:3:      layout_loops_ring

Skill      XL: |  1  2  3  4 |
---------------+-------------+-----
Conjurations   | 2 |  2.3
Summonings     | 2 |  2.3
Translocations | 2 |  2.3
Invocations    | 1 |  1.6
Fighting       | 1 |  1.4
Short Blades   | 1 |  1.4
Long Blades    | 1 |  1.4
Axes           | 1 |  1.4
Maces & Flails | 1 |  1.4
Polearms       | 1 |  1.4
Staves         | 1 |  1.4
Slings         | 1 |  1.4
Bows           | 1 |  1.4
Crossbows      | 1 |  1.4
Throwing       | 1 |  1.4
Armour         | 1 |  1.4
Shields        | 1 |  1.4
Unarmed Combat | 1 |  1.4
Evocations     | 1 |  1.4
Hexes          | 1 |  1.1
Necromancy     | 1 |  1.1
Transmutations | 1 |  1.1
Fire Magic     | 1 |  1.1
Ice Magic      | 1 |  1.1
Air Magic      | 1 |  1.1
Earth Magic    | 1 |  1.1
Poison Magic   | 1 |  1.1
Dodging        | |  4.7
Stealth        | |  4.4
Spellcasting   | |  7.3

Action                   |  1- 3 |  4- 6 || total
-------------------------+-------+-------++-------
Melee: Short sword       |    14 |    17 ||    31
       Bite              |     1 |     1 ||     2
 Cast: Magic Dart        |    70 |    72 ||   142
  Use: Potion            |       |     1 ||     1
Armor: Robe              |     7 |     1 ||     8
Dodge: Dodged            |     9 |     8 ||    17
Block: Other             |       |     3 ||     3

Table legend: (Time is in decaauts)
 A = Elapsed time spent in this place.
 B = Non-inter-level travel time spent in this place.
 C = Inter-level travel time spent in this place.
 D = Time resting spent in this place.
 E = Time spent auto-exploring this place.
 F = Levels seen in this place.
 G = Mean time per level.
                   A        B        C        D        E       F      G
               +--------+--------+--------+--------+--------+-----+--------+
         Total |   3190 |   3101 |     89 |      0 |   2781 |   3 | 1063.3 |
       Dungeon |   3190 |   3101 |     89 |      0 |   2781 |   3 | 1063.3 |
               +--------+--------+--------+--------+--------+-----+--------+

Top non-repeatable levels by time:
     D:2: 1822 daAuts
     D:1: 1250 daAuts
     D:3: 117 daAuts
